 Dungeon Crawl Stone Soup version 0.18-a0-1689-g473dde0 (webtiles) character file.

426 Oddball22 the Insei (level 6, -3/49 HPs)
             Began as a Demonspawn Monk on Apr 5, 2016.
             Was a Believer of Dithmenos.
             Slain by a water moccasin (8 damage)
             ... on level 4 of the Dungeon.
             The game lasted 00:08:41 (5233 turns).

Oddball22 the Insei (Demonspawn Monk)               Turns: 5233, Time: 00:08:42

Health: -3/49      AC:  7    Str: 11    XL:     6   Next: 64%
Magic:  8/8        EV: 14    Int: 16    God:    Dithmenos [**....]
Gold:   292        SH:  0    Dex: 17    Spells: 1 memorised, 2 levels left

rFire  . . .     SeeInvis .       - Unarmed
rCold  . . .     Gourm    .     o - +1 robe
rNeg   . . .     Faith    .     (no shield)
rPois  .         Spirit   .     (no helmet)
rElec  .         Dismiss  .     (no cloak)
rCorr  .         Reflect  .     (no gloves)
SustAt .         Harm     .     (no boots)
MR     .....                    (no amulet)
Stlth  +++++.....               (no ring)
                                i - ring of stealth

@: brilliant, lethally poisoned (-3 -> -31), wreathed by umbra, not resistant to
hostile enchantments, quite stealthy
A: hooves 2, rough black scales 1, nightstalker 1
a: Shadow Step, Renounce Religion


You were on level 4 of the Dungeon.
You worshipped Dithmenos.
Dithmenos was pleased with you.
You were not hungry.

You visited 1 branch of the dungeon, and saw 4 of its levels.

You collected 292 gold pieces.

Inventory:

Missiles
 j - 17 steel bolts
 k - 36 bolts
 s - 42 poisoned needles
Armour
 l - a +0 leather armour of magic resistance
 o - a +1 robe (worn)
Jewellery
 a - an uncursed amulet of faith {unknown}
 i - a ring of stealth (left hand)
Scrolls
 c - 3 scrolls of teleportation
 h - a scroll of blinking
 m - 2 scrolls of remove curse
 n - a scroll of identify
Potions
 e - a potion of cure mutation
 p - a potion of degeneration {unknown}
 v - a potion of brilliance
 w - a potion of might {unknown}
 x - a potion of flight {unknown}
Books
 y - a book of Necromancy

   Spells                             Type                      Level
   a - Pain                           Necromancy                   1
   b - Animate Skeleton               Necromancy                   1
   c - Vampiric Draining              Necromancy                   3
   d - Regeneration                   Charms/Necromancy            3
   e - Animate Dead                   Necromancy                   4
   f - Control Undead                 Necromancy                   4
Comestibles
 b - 5 bread rations
 d - 6 chunks of flesh
 f - a royal jelly
 g - 8 fruits


   Skills:
 + Level 4.5 Fighting
 + Level 3.8 Dodging
 + Level 2.9 Stealth
 * Level 5.1 Unarmed Combat
 + Level 2.6 Invocations


You had 2 spell levels left.
You knew the following spells:

 Your Spells              Type           Power        Failure   Level  Hunger
a - Regeneration          Chrm/Necr      #.........   13%         3    ####...


Dungeon Overview and Level Annotations

Branches:
Dungeon (4/15)             Temple (0/1) D:4

Altars:
Dithmenos
Gozag
Okawaru
Trog
Yredelemnul


Innate Abilities, Weirdness & Mutations

You have hoof-like feet.
You are partially covered in rough black scales (AC +4, Dex -1).
You are slightly more attuned to the shadows.


Message History

You hit the water moccasin but do no damage.
Your kick misses the water moccasin.
The water moccasin is heavily wounded.
You feel sick. The water moccasin barely misses you.
Some of the chunks of flesh in your inventory have rotted away.
You completely miss the water moccasin. Your kick misses the water moccasin.
The water moccasin is heavily wounded.
You feel sick.
The water moccasin completely misses you.
The water moccasin bites you!
* * * LOW HITPOINT WARNING * * *
You are more poisoned.
The water moccasin poisons you!
Drink which item? (? for menu, Esc to quit)
It was a potion of brilliance.
You feel clever all of a sudden.
* * * LOW HITPOINT WARNING * * *
You feel very sick. The water moccasin bites you!
You die...

##
#....###.....#####.#####.###
#....##.......#.##..........
##
#..รท..#.......##.#######.###
. ##....#.......###........#
## #....##..)..###.#########
.# ###..###..)###.## .# ##.#
######### .# #..# #S..#
###### .# #.## #@.# #.....
.########.######..# #.####
.#)...............#
########.#
...##############.#
#........# .#.# #.#
#.######.# ...# #.# #.# #.#
...# #.# #.# #..
##.##############.###.# ####
# #.......[.......#....#


You could see a water moccasin.

Vanquished Creatures
  A giant frog skeleton (D:4)
  Natasha (twice) (D:3)
  3 iguanas (D:4)
  3 worker ants
  3 gnolls (D:3)
  10 adders
  A shadow imp (D:3)
  2 adder skeletons (D:4)
  A worm (D:4)
  A dart slug (D:1)
  5 giant geckos
  2 orcs
  2 ball pythons (D:4)
  8 goblins
  7 hobgoblins
  5 jackals (D:4)
  2 quokkas
  5 bats
  A giant gecko skeleton (D:4)
  3 giant newts
  5 kobolds
  3 rats
  A spectral orc (D:4)
76 creatures vanquished.

Notes
Turn   | Place    | Note
--------------------------------------------------------------
     0 | D:1      | Oddball22 the Demonspawn Monk began the quest for the Orb.
     0 | D:1      | Reached XP level 1. HP: 18/18 MP: 1/1
   476 | D:1      | Gained mutation: You have large cloven feet. [demonic ancestry]
   476 | D:1      | Reached XP level 2. HP: 24/24 MP: 2/2
   795 | D:1      | Reached skill level 4 in Unarmed Combat
   795 | D:1      | Gained mutation: You are slightly more attuned to the shadows. [demonic ancestry]
   795 | D:1      | Reached XP level 3. HP: 8/29 MP: 3/3
  2383 | D:3      | Gained mutation: You have hoof-like feet. [demonic ancestry]
  2383 | D:3      | Reached XP level 4. HP: 12/35 MP: 4/4
  2639 | D:3      | Found an iron altar of Okawaru.
  2668 | D:3      | Found a shadowy altar of Dithmenos.
  2677 | D:3      | Became a worshipper of Dithmenos the Shadowed
  2677 | D:3      | Reached * piety under Dithmenos
  2677 | D:3      | Reached ** piety under Dithmenos
  2981 | D:3      | Noticed Natasha
  2995 | D:3      | Killed Natasha
  2995 | D:3      | Reached skill level 1 in Invocations
  3215 | D:3      | Learned a level 3 spell: Regeneration
  3650 | D:3      | Gained mutation: You are partially covered in rough black scales (AC +4, Dex -1). [demonic ancestry]
  3650 | D:3      | Reached XP level 5. HP: 38/42 MP: 5/5
  3727 | D:3      | Noticed Natasha
  3911 | D:3      | Killed Natasha
  4385 | D:4      | Found a bloodstained altar of Trog.
  4439 | D:4      | Reached XP level 6. HP: 48/48 MP: 7/7
  4498 | D:4      | Found an opulent altar of Gozag.
  4535 | D:4      | Found a basalt altar of Yredelemnul.
  4756 | D:4      | Found a staircase to the Ecumenical Temple.
  4838 | D:4      | Reached skill level 5 in Unarmed Combat
  5213 | D:4      | Noticed a water moccasin
  5233 | D:4      | Slain by a water moccasin

Vault maps used:
D:1:      dpeg_arrival_refuge
D:3:      lemuel_crystal_altar, grunt_dithmenos_smoke_and_mirrors, uniq_natasha
D:4:      minmay_opposing_rooms, kennysheep_mini,
          yredelemnul_forgotten_temple_becter, bloody_trog,
          minmay_temple_entry_fiery, first_bread

Skill      XL: |  1  2  3  4  5  6 |
---------------+-------------------+-----
Dodging        | 3 |  3.8
Unarmed Combat | 4 5 |  5.1
Stealth        | 2 |  2.9
Invocations    | 1 2 |  2.6
Fighting       | 4 |  4.5

Action                   |  1- 3 |  4- 6 || total
-------------------------+-------+-------++-------
Melee: Unarmed           |   101 |   259 ||   360
  Use: Potion            |       |     5 ||     5
       Scroll            |       |     7 ||     7
 Stab: Sleeping          |     3 |    12 ||    15
  Eat: Chunk             |     3 |     9 ||    12
       Pizza             |       |     1 ||     1
